 Dungeon Crawl Stone Soup version 0.18-a0-1799-g6250cb2 (webtiles) character file.

128 Stoneknight the Skirmisher (level 5, 0/33 HPs)
             Began as a Gargoyle Berserker on Apr 23, 2016.
             Was a Believer of Trog.
             Slain by an orc
             ... wielding a +0 hand axe
              (5 damage)
             ... on level 3 of the Dungeon.
             The game lasted 00:05:05 (1256 turns).

Stoneknight the Skirmisher (Gargoyle Berserker)     Turns: 1256, Time: 00:05:06

Health: 0/33       AC:  6    Str: 21    XL:     5   Next: 11%
Magic:  5/5        EV: 12    Int:  8    God:    Trog [**....]
Gold:   159        SH:  0    Dex:  9    Spells: 0 memorised, 4 levels left

rFire  . . .     SeeInvis .     a - +0 mace
rCold  . . .     Gourm    .     b - +0 animal skin
rNeg   + . .     Faith    .     (no shield)
rPois  ∞         Spirit   .     (no helmet)
rElec  +         Dismiss  .     (no cloak)
rCorr  .         Reflect  .     (no gloves)
SustAt .         Harm     .     (no boots)
MR     ++...                    (no amulet)
Stlth  +.........               m - ring of protection from magic
                                l - ring of protection from magic

@: very resistant to hostile enchantments, very unstealthy
A: negative energy resistance 1, electricity resistance, unbreathing,
petrification resistance, rot immunity, AC +4
a: Berserk, Trog's Hand, Burn Spellbooks, Renounce Religion


You were on level 3 of the Dungeon.
You worshipped Trog.
Trog was pleased with you.
You were very hungry.

You visited 1 branch of the dungeon, and saw 3 of its levels.

You collected 159 gold pieces.

Inventory:

Hand Weapons
 a - a +0 mace (weapon)
Armour
 b - a +0 animal skin (worn)
Jewellery
 l - a ring of protection from magic (left hand)
 m - a ring of protection from magic (right hand)
Scrolls
 d - 5 scrolls of identify {unknown}
 e - a scroll of magic mapping {unknown}
 f - 3 scrolls of teleportation {unknown}
 h - a scroll of enchant weapon {unknown}
 k - a scroll of remove curse {unknown}
Potions
 g - a potion of flight {unknown}
 i - a potion of brilliance {unknown}
 j - a potion of lignification {unknown}
 n - a potion of agility {unknown}
 o - a potion of curing {unknown}
 p - a potion of might {unknown}
Comestibles
 c - 3 bread rations


   Skills:
 + Level 4.0 Fighting
 + Level 3.9 Maces & Flails
 + Level 2.4 Armour
 + Level 3.1 Dodging
 + Level 0.2 Stealth


You had 4 spell levels left.
You didn't know any spells.

Dungeon Overview and Level Annotations

Branches:
Dungeon (3/15)

Altars:


Innate Abilities, Weirdness & Mutations

You are resistant to torment.
Your stone body is resilient (AC +4).
You are immune to poison.
You resist negative energy.
You are resistant to electric shocks.
You can survive without breathing.
You are immune to petrification.
You are immune to rotting.


Message History

* * * LOW HITPOINT WARNING * * *
The orc priest hits you but does no damage.
You hit the orc priest but do no damage.
The orc priest is severely wounded.
The orc barely misses you. The orc priest hits you with a dagger.
* * * LOW HITPOINT WARNING * * *
You thump the orc priest!
You kill the orc priest!
Trog accepts your kill.
Your Fighting skill increases to level 4!
Your Dodging skill increases to level 3!
You have reached level 5!
The orc closely misses you.
You hit the orc.
The orc is lightly wounded.
The orc hits you but does no damage.
You barely miss the orc.
The orc is lightly wounded.
The orc hits you with a hand axe.
You die...

. ... # .... .#
.....#######.#
......)@$....###
#....##o.(......
... #......... .
#.........
#.<.......
#.........
#.........
#..)......
..........


You could see an orc.

Vanquished Creatures
  2 orc priests (D:3)
  2 adders (D:2)
  2 dart slugs
  2 giant geckos
  2 orcs (D:3)
  3 ball pythons (D:2)
  5 giant cockroaches
  5 goblins
  5 hobgoblins
  A quokka (D:2)
  5 bats
  2 giant newts (D:1)
  3 kobolds (D:1)
  4 rats
43 creatures vanquished.

Notes
Turn   | Place    | Note
--------------------------------------------------------------
     0 | D:1      | Stoneknight the Gargoyle Berserker began the quest for the Orb.
     0 | D:1      | Reached XP level 1. HP: 14/14 MP: 1/1
   121 | D:1      | Reached XP level 2. HP: 19/19 MP: 2/2
   676 | D:2      | Reached XP level 3. HP: 23/23 MP: 3/3
   792 | D:2      | Reached ** piety under Trog
  1228 | D:2      | Reached XP level 4. HP: 19/29 MP: 4/4
  1254 | D:3      | Reached skill level 4 in Fighting
  1254 | D:3      | Reached XP level 5. HP: 5/33 MP: 5/5
  1256 | D:3      | Slain by an orc

Vault maps used:
D:1:      matt_arrival_refuge
D:2:      first_bread
D:3:      grunt_ashenzari_visionary, uniq_natasha, uniq_iyjb

Skill      XL: |  1  2  3  4 |
---------------+-------------+-----
Dodging        | 2 3 |  3.1
Fighting       | 4 |  4.0
Maces & Flails | |  3.9
Armour         | |  2.4
Stealth        | |  0.2

Action                   |  1- 3 |  4- 6 || total
-------------------------+-------+-------++-------
Melee: Mace              |   119 |    19 ||   138
Invok: Berserk           |     1 |       ||     1
       Trog's Hand       |       |     1 ||     1
  Eat: Chunk             |     1 |       ||     1
Armor: Animal skin       |    73 |     6 ||    79
Dodge: Dodged            |   100 |    16 ||   116
